 Dungeon Crawl Stone Soup version 0.31-a0-370-g25055926c8 (webtiles) character file.

Game seed: 11281948998891596075

265592 Bnni the Markstengu (level 20, -8/134 HPs)
             Began as a Tengu Hunter on July 28, 2023.
             Was the Champion of Okawaru.
             Killed from afar by Xiyzxekk the Cloud Mage (18 damage)
             ... with a vortex
             ... in a wizard's laboratory on July 29, 2023.
             The game lasted 01:42:39 (33954 turns).

Bnni the Markstengu (Tengu Hunter)                 Turns: 33954, Time: 01:42:40

Health: -8/134     AC: 29    Str: 16    XL:     20   Next: 7%
Magic:  31/31      EV: 30    Int: 13    God:    Okawaru [******]
Gold:   2000       SH:  0    Dex: 28    Spells: 14/19 levels left

rFire   . . .        F - +0 longbow (heavy)
rCold   + + .        (shield currently unavailable)
rNeg    + . .        X - +2 pearl dragon scales
rPois   +            b - +0 hat "Noimmoit" {rC++ Str+3 Int+3 Dex+3}
rElec   .            Z - +1 cloak of Starlight {*Dazzle EV+4 Stlth--}
rCorr   .            V - +2 pair of gloves {infuse}
SInv    .            (boots unavailable)
Will    +....        P - amulet of regeneration Stlth
                     I - ring of poison resistance
HPRegen 1.22/turn    o - +4 ring of protection
MPRegen 0.22/turn

%: infuse magic (1 MP)
@: flying quickly and evasively, quick
A: beak, talons 3, nimble flight
}: 2/15 runes: decaying, serpentine
a: Renounce Religion, Heroism, Finesse, Duel


You were in a wizard's laboratory.
You worshipped Okawaru.
Okawaru was exalted by your worship.
You visited 6 branches of the dungeon, and saw 31 of its levels.
You also visited: Bailey and Wizlab.

You collected 4484 gold pieces.
You spent 2484 gold pieces at shops.

Inventory:

Hand Weapons
 F - a +0 heavy longbow (weapon)
 M - a +1 dagger of electrocution
 Y - the +8 hand crossbow of Resourcefulness {drain, rC+ Int+3}
   (Okawaru gifted it to you on level 1 of the Swamp)

   Int:       It affects your intelligence (+3).
   rC:        It protects you from cold.
Missiles
 v - 12 curare-tipped darts
Armour
 b - the +0 hat "Noimmoit" (worn) {rC++ Str+3 Int+3 Dex+3}
   (Okawaru gifted it to you on level 1 of the Snake Pit)

   Str:       It affects your strength (+3).
   Int:       It affects your intelligence (+3).
   Dex:       It affects your dexterity (+3).
   rC:        It greatly protects you from cold.
 e - the +3 warlock's mirror {omnireflect}
   (You found it in a bailey)

   Omnireflect: It can block and reflect piercing ranged attacks and magical
   attacks against the wielder's willpower.
 t - an orb of mayhem
 G - a +2 kite shield of protection
 V - a +2 pair of gloves of infusion (worn)
 X - +2 pearl dragon scales (worn)
 Z - the +1 cloak of Starlight (worn) {*Dazzle EV+4 Stlth--}
   (Okawaru gifted it to you on level 2 of the Orcish Mines)

   *Dazzle:   It may blind those who miss an attack against the wearer in melee
   combat.
   EV:        It affects your evasion (+4).
   Stlth:     It makes you much less stealthy.
Jewellery
 g - a ring of positive energy
 l - a ring of protection from fire
 o - a +4 ring of protection (right hand)
 r - a ring of resist corrosion
 y - a ring of protection from cold
 I - a ring of poison resistance (left hand)
 J - an amulet of guardian spirit
 P - an amulet of regeneration (around neck)
 W - a ring of protection from cold
Wands
 h - a wand of roots (24)
 H - a wand of acid (16)
 T - a wand of digging (2)
Scrolls
 a - 4 scrolls of poison
 i - 8 scrolls of fear
 j - 6 scrolls of immolation
 n - 4 scrolls of torment {unknown}
 q - 3 scrolls of revelation
 u - 3 scrolls of silence
 A - 8 scrolls of teleportation
 C - a scroll of brand weapon {unknown}
 E - 4 scrolls of fog
 N - 5 scrolls of enchant weapon
 O - 2 scrolls of noise {unknown}
Potions
 c - 4 potions of attraction
 d - 5 potions of enlightenment
 f - 6 potions of lignification
 k - a potion of cancellation {unknown}
 p - a potion of berserk rage
 s - 3 potions of magic
 x - 2 potions of haste
 z - 7 potions of might
 B - 5 potions of brilliance
 D - a potion of heal wounds
 K - 2 potions of ambrosia
 L - 4 potions of resistance
 R - 5 potions of curing
 U - 3 potions of mutation
Miscellaneous
 m - a lightning rod (4/4)
 w - a phial of floods (inert)


   Skills:
 + Level 17.0 Fighting
 - Level 3.9 Short Blades
 - Level 20.0 Ranged Weapons
 * Level 14.9 Armour
 + Level 15.2 Dodging
 - Level 5.0 Stealth
 + Level 5.9 Shields
 - Level 4.0 Translocations
 - Level 6.0 Air Magic
 - Level 14.0 Invocations


You had 14 spell levels left.
You knew the following spells:

 Your Spells              Type           Power      Damage    Failure   Level
b - Blink                 Tloc           20%        N/A       26%         2
s - Swiftness             Air            15%        N/A       24%         3

Your spell library contained the following spells:

 Spells                   Type           Power      Damage    Failure   Level
 Shock                    Conj/Air       28%        1d4       26%         1
 Lesser Beckoning         Tloc           20%        N/A       26%         2
 Poisonous Vapours        Pois/Air       14%        N/A       38%         2
 Momentum Strike          Conj/Tloc      10%        3d8       52%         2
 Airstrike                Air            7%         2d(2-18)  61%         4
 Magic Dart               Conj           0%         1d3       67%         1
 Sandblast                Erth           0%         2d4       67%         1
 Slow                     Hex            0%         N/A       67%         1
 Sting                    Tmut/Pois      0%         1d3       67%         1
 Mephitic Cloud           Conj/Pois/Air  5%         N/A       77%         3
 Volatile Blastmotes      Fire/Tloc      10%        2d10      77%         3
 Passwall                 Tmut/Erth      0%         N/A       80%         2
 Scorch                   Fire           0%         2d5       80%         2
 Searing Ray              Conj           0%         2d4       80%         2
 Sublimation of Blood     Necr           0%         N/A       80%         2
 Confusing Touch          Hex            0%         N/A       95%         3
 Frozen Ramparts          Ice            0%         1d1       95%         3
 Inner Flame              Hex/Fire       0%         N/A       95%         3
 Stone Arrow              Conj/Erth      0%         3d7       95%         3
 Vampiric Draining        Necr           0%         2d6       95%         3
 Iskenderun's Mystic Bla  Conj/Tloc      5%         2d3       99%         4
 Flame Wave               Conj/Fire      0%         2d4       100%        4
 Fulminant Prism          Conj/Hex       0%         3d5       100%        4
 Leda's Liquefaction      Hex/Erth       0%         N/A       100%        4
 Olgreb's Toxic Radiance  Pois           0%         N/A       100%        4
 Petrify                  Tmut/Erth      0%         N/A       100%        4
 Sticky Flame             Conj/Fire      0%         2d3       100%        4
 Alistair's Intoxication  Tmut/Pois      0%         N/A       100%        5
 Borgnjor's Vile Clutch   Necr/Erth      0%         N/A       100%        5
 Fireball                 Conj/Fire      0%         3d3       100%        5
 Irradiate                Conj/Tmut      0%         3d11      100%        5
 Iskenderun's Battlesphe  Conj           0%         2d6       100%        5
 Lee's Rapid Deconstruct  Erth           0%         3d4*      100%        5
 Metabolic Englaciation   Hex/Ice        0%         N/A       100%        5
 Conjure Ball Lightning   Conj/Air       3%         3x3d6     100%        6
 Eringya's Noxious Bog    Tmut/Pois      0%         4d6       100%        6
 Leda's Unmaking          Conj/Erth      0%         9d1       100%        6
 Orb of Destruction       Conj           0%         9d5       100%        7
 Maxwell's Capacitive Co  Air            7%         ∞         100%        8
 Call Imp                 Summ           Unusable   N/A       N/A         2
 Animate Dead             Necr           Unusable   N/A       N/A         4
 Death Channel            Necr           Unusable   N/A       N/A         6
 Summon Cactus Giant      Summ           Unusable   N/A       N/A         6

Dungeon Overview and Level Annotations

Branches:
Dungeon (15/15)            Temple (0/1) D:7            Lair (5/5) D:10
  Swamp (4/4) Lair:2        Snake (4/4) Lair:2        Slime (0/5) Lair:5
    Orc (2/2) D:10            Elf (0/3) Orc:2        Vaults (1/5) D:13
 Depths (0/4) D:15         Bailey (visited)          WizLab (1/1)

Altars:
Ashenzari
Cheibriados
Fedhas
Makhleb
Okawaru
The Shining One
Jiyva

Shops:
D:10 *   Orc:2 [***   Snake:2 [


Innate Abilities, Weirdness & Mutations

You have a beak for a mouth.
You have claws for feet.
Your magical nature lets you fly swiftly and evasively.


Message History

Xiyzxekk waves her arms in wide circles.
The air twists around and strikes you!!
The air elemental hits you but does no damage.
You can move again.
You shoot an arrow. The arrow hits Xiyzxekk!!
Xiyzxekk is severely wounded.
The air elemental hits you but does no damage.
The air elemental fires a burst of electricity at you.
The stunning burst misses you. Xiyzxekk completely misses you.
A blizzard demon comes into view.
The air elemental completely misses you.
Xiyzxekk hits you but does no damage.
You are electrocuted!
You shoot an arrow. The arrow hits Xiyzxekk!!
Xiyzxekk is almost dead.
The air elemental barely misses you.
The air elemental fires a burst of electricity at you.
The stunning burst misses you.
The air elemental fires a burst of electricity at you.
The stunning burst hits you but does no damage.
You suddenly lose the ability to move!
Xiyzxekk casts a spell.
A freezing vortex appears around Xiyzxekk!
The blizzard demon waves its arms in wide circles.
The air twists around and strikes you.
You can move again.
You shoot an arrow. The arrow hits Xiyzxekk.
Xiyzxekk is almost dead.
The air elemental is destroyed!
Xiyzxekk closely misses you.
Unknown command.
You shoot an arrow. The arrow hits Xiyzxekk!!
Xiyzxekk is almost dead.
You are engulfed in whirling frost.
Xiyzxekk hits you but does no damage.
You are electrocuted!!
* * * LOW HITPOINT WARNING * * *
Unknown command.
You shoot an arrow. The arrow barely misses Xiyzxekk.
You are engulfed in whirling frost.
* * * LOW HITPOINT WARNING * * *
You die...

##...~≈≈####################≈≈≈≈~
#..~≈~≈≈################ ###≈≈≈
#.~≈≈≈≈≈##§§#§§#§§#§§#§§ ###≈
..≈≈≈≈≈≈#§§§§§§§§§§§§§§ ##
.~≈~≈≈≈≈#§§§§§§§2§§§§§§ #
.~~~~~†[#§.§§§§§§§§§§§. #
........'.§§§§§§§§§§§§..
.~~~~~~~#§§§§§§§@§§§§§§ #
.~~≈≈~≈≈#§§§§§§§@§§§§§§ #
..~≈≈≈≈≈#§§§§§§§§§§§§§.§ ##
#.≈≈≈≈≈≈##.§#§§#§§#§§#.. ###≈
#..~≈~≈≈############## ###≈≈≈
##...~~≈####################≈≈≈≈~
≈###...~≈~~~~~~~~~~~~~~~~≈~~~~~~~
≈≈≈###...........................
≈≈≈≈≈############################
≈≈≈≈≈≈≈≈≈≈≈≈≈≈≈≈≈≈≈≈≈≈≈≈≈≈≈≈≈≈≈≈≈


You could see Xiyzxekk the Cloud Mage (vortex) and a blizzard demon.

Vanquished Creatures
  Saint Roka (Vaults:1)
  Jorgrun (D:12)
  Mlioglotl (Snake:1)
  Frances (D:13)
  Roxanne (Snake:3)
  3 thorn hunters (Swamp:3)
  9 nagarajas
  Kirke (Lair:3)
  Donald (Orc:2)
  2 fenstrider witches
  An orc warlord (Orc:2)
  A stone giant (D:15)
  An ironbound preserver (Vaults:1)
  An eleionoma (Swamp:4)
  2 dire elephants (Snake:3)
  Snorg (D:12)
  8 bunyips
  2 spark wasps (WizLab)
  2 blizzard demons (WizLab)
  2 shambling mangroves (Swamp:4)
  A fire dragon (Swamp:4)
  Harold (D:10)
  8 salamander tyrants
  Fannar (Orc:1)
  3 vault guards (D:13)
  A rakshasa (D:15)
  3 spriggan air magi (WizLab)
  6 ghost crabs
  13 anacondas
  5 catoblepae
  19 hydras
  An ogre mage (D:10)
  6 centaur warriors
  2 boulder beetles
  19 alligators
  An alligator snapping turtle (Snake:1)
  2 ironbound frosthearts (Vaults:1)
  4 two-headed ogres
  17 naga sharpshooters
  4 tengu warriors
  6 death yaks
  10 naga warriors
  5 spriggans
  A deep elf knight (Snake:3)
  9 shock serpents
  An orc high priest (Orc:2)
  Amaemon (Lair:1)
  A skyshark (Lair:2)
  A fire crab (shapeshifter) (D:11)
  4 deep trolls (Vaults:1)
  8 goliath frogs
  8 naga ritualists
  3 skeletal warriors (D:11)
  8 salamander mystics
  2 spriggan druids
  10 swamp dragons
  A lindwurm (shapeshifter) (D:15)
  3 sea snakes (Snake:1)
  7 bog bodies
  A deep elf archer (Snake:3)
  A glowing orange brain (Vaults:1)
  An ironbound convoker (Vaults:1)
  3 lindwurms (Swamp:4)
  3 wizards (D:13)
  3 deep elf pyromancers
  A deep elf zephyrmancer (Bailey)
  2 necromancers (D:13)
  4 orc knights
  16 mana vipers
  3 cyclopes
  6 orc sorcerers
  8 will-o-the-wisps
  A wolf spider (Lair:5)
  15 ugly things
  22 salamanders
  6 manticores
  Maurice (Orc:2)
  48 black mambas
  2 vault sentinels (Vaults:1)
  3 apocalypse crabs (WizLab)
  7 guardian serpents
  2 torpor snails
  20 naga magi
  An orange demon (Lair:1)
  14 cane toads
  4 gargoyles
  A kobold demonologist (D:11)
  14 komodo dragons
  6 rime drakes
  An unseen horror (D:12)
  2 freezing wraiths
  2 tengu conjurers
  A yaktaur (D:15)
  3 polar bears
  3 bloated husks
  10 trolls
  8 tyrant leeches
  14 hornets
  A wind drake (WizLab)
  A raiju (shapeshifter) (D:14)
  6 dream sheep (Lair:4)
  18 blink frogs
  2 snapping turtles (Snake:1)
  19 slime creatures
  5 air elementals (WizLab)
  2 wraiths
  55 yaks
  3 vampires
  2 shadows
  5 hogs (Lair:3)
  A human (shapeshifter) (D:13)
  18 humans
  12 wyverns
  2 basilisks (Lair:4)
  3 redbacks (Lair:5)
  11 vampire mosquitoes
  13 swamp worms
  71 nagas
  3 wargs
  21 water moccasins
  A floating eye (shapeshifter) (D:11)
  A floating eye (D:10)
  A hell hound (Snake:3)
  9 swamp drakes
  2 ice beasts
  27 orc warriors
  4 boggarts (D:15)
  2 black bears (D:10)
  4 ogres
  5 wolves (Lair:4)
  2 phantoms
  19 centaurs
  5 kobold brigands
  11 bullfrogs
  4 scorpions
  11 wights
  17 killer bees
  2 electric eels
  6 howler monkeys
  4 hounds
  3 jellies
  A gnoll bouda (D:3)
  25 orc priests
  Crazy Yiuf (D:5)
  An iguana (D:5)
  32 orc wizards
  9 gnolls
  7 adders
  2 shadow imps (D:6)
  3 ufetubi
  3 worms
  3 dart slugs
  72 orcs
  6 ball pythons
  2 endoplasms
  7 giant cockroaches
  6 goblins
  9 hobgoblins
  8 jackals
  3 quokkas
  3 bats
  5 frilled lizards
  17 kobolds
  4 rats
1154 creatures vanquished.

Vanquished Creatures (others)
  A shambling mangrove (Swamp:1)
  A spriggan air mage (WizLab)
  2 shock serpents (WizLab)
  A wind drake (WizLab)
  A hornet (Swamp:1)
  3 air elementals (WizLab)
  A naga (Snake:3)
  2 orc wizards
  19 foxfires
31 creatures vanquished.

Grand Total: 1185 creatures vanquished

Notes
Turn   | Place    | Note
-------+----------+-------------------------------------------
     0 | D:1      | Bnni the Tengu Hunter began the quest for the Orb.
     0 | D:1      | Reached XP level 1. HP: 12/12 MP: 2/2
   283 | D:1      | Reached XP level 2. HP: 17/17 MP: 3/3
   328 | D:1      | Found a faded altar of an unknown god.
   836 | D:2      | Reached skill level 5 in Ranged Weapons
   956 | D:2      | Reached XP level 3. HP: 22/22 MP: 4/4
  1480 | D:2      | Reached XP level 4. HP: 27/27 MP: 5/5
  2137 | D:3      | Reached skill level 6 in Ranged Weapons
  2137 | D:3      | Gained mutation: Your magical nature lets you fly swiftly
                  | and evasively. [Tengu growth]
  2137 | D:3      | Reached XP level 5. HP: 22/32 MP: 6/6
  2667 | D:3      | Upgraded the game from 0.31-a0-366-ga77b45bd9b to
                  | 0.31-a0-370-g25055926c8
  2788 | D:4      | Noticed a phantom
  2789 | D:4      | Reached XP level 6. HP: 20/38 MP: 7/7
  2841 | D:4      | Reached skill level 7 in Ranged Weapons
  3096 | D:4      | Identified the +1 leather armour of Ahotawokh {Dex+5}
  3237 | D:4      | Reached XP level 7. HP: 32/44 MP: 8/8
  3696 | D:5      | Entered Level 5 of the Dungeon
  3756 | D:4      | Reached skill level 8 in Ranged Weapons
  4165 | D:5      | Reached skill level 5 in Fighting
  4247 | D:4      | Reached XP level 8. HP: 30/49 MP: 9/9
  4388 | D:5      | Reached skill level 9 in Ranged Weapons
  4541 | D:5      | Found a runed translucent door.
  4542 | D:5      | Noticed Crazy Yiuf
  4572 | D:5      | Killed Crazy Yiuf
  4957 | D:6      | Found the +5 Force Lance {heavy, knockback}
  5081 | D:6      | Found an iron altar of Okawaru.
  5091 | D:6      | Became a worshipper of Warmaster Okawaru
  5154 | D:6      | Found a broken altar of Ashenzari.
  5614 | D:6      | Reached skill level 1 in Invocations
  5809 | D:7      | Reached skill level 10 in Ranged Weapons
  5817 | D:7      | Found a burning altar of Makhleb.
  5817 | D:7      | Found a snail-covered altar of Cheibriados.
  5848 | D:6      | Reached * piety under Okawaru
  5849 | D:6      | Reached XP level 9. HP: 42/55 MP: 11/11
  6029 | D:7      | Found a glowing golden altar of the Shining One.
  6048 | D:7      | Found a blossoming altar of Fedhas.
  6177 | D:7      | Identified the +7 whip of Disharmony {flame, Str+2}
  6270 | D:7      | Found a staircase to the Ecumenical Temple.
  6901 | D:7      | Reached skill level 11 in Ranged Weapons
  7073 | D:8      | Reached ** piety under Okawaru
  7086 | D:8      | Identified the +4 leather armour of Charity {*Slow Regen+
                  | Int+3 Dex+5}
  7714 | D:9      | Noticed a tengu conjurer
  7715 | D:9      | Noticed a tengu warrior
  7728 | D:9      | Killed a tengu conjurer
  7729 | D:9      | Reached skill level 12 in Ranged Weapons
  7729 | D:9      | Reached XP level 10. HP: 44/63 MP: 14/14
  7737 | D:9      | Noticed a two-headed ogre
  7748 | D:9      | Reached *** piety under Okawaru
  7830 | D:9      | Killed a tengu warrior
  7830 | D:9      | Received a gift from Okawaru
  7832 | D:9      | Noticed a two-headed ogre
  7838 | D:10     | Entered Level 10 of the Dungeon
  7869 | D:10     | Reached skill level 5 in Invocations
  7904 | D:10     | Found a flagged portal.
  7932 | D:10     | Reached skill level 13 in Ranged Weapons
  7955 | Bailey   | Entered a bailey
  7987 | Bailey   | Reached **** piety under Okawaru
  8013 | Bailey   | Noticed an orc knight
  8039 | Bailey   | Killed an orc knight
  8071 | Bailey   | Found a large runed translucent door.
  8071 | Bailey   | Found a large runed translucent door.
  8072 | Bailey   | Noticed a deep elf zephyrmancer
  8074 | Bailey   | Found the +3 warlock's mirror {omnireflect}
  8143 | Bailey   | Killed a deep elf zephyrmancer
  8144 | Bailey   | Reached XP level 11. HP: 62/69 MP: 16/16
  8170 | Bailey   | Identified the +0 pair of boots of Green Satisfaction
                  | {-Cast Contam Rampage Dex+8}
  8283 | D:10     | Found Lool's Fire Supplies.
  8354 | D:10     | Noticed a two-headed ogre
  8366 | D:10     | Killed a two-headed ogre
  8366 | D:10     | Reached ***** piety under Okawaru
  8367 | D:10     | Reached skill level 14 in Ranged Weapons
  8452 | D:10     | Received a gift from Okawaru
  8547 | D:10     | Noticed Harold
  8580 | D:10     | Killed Harold
  8580 | D:10     | Received a gift from Okawaru
  8665 | D:10     | Found a staircase to the Orcish Mines.
  8921 | D:10     | Found a staircase to the Lair.
  9165 | D:10     | Reached skill level 15 in Ranged Weapons
  9360 | D:11     | Noticed a centaur warrior
  9368 | D:11     | Noticed an orc knight
  9369 | D:11     | Killed a centaur warrior
  9370 | D:11     | Noticed an orc knight
  9375 | D:11     | Noticed a cyclops
  9389 | D:11     | Killed an orc knight
  9390 | D:11     | Reached skill level 10 in Fighting
  9390 | D:11     | Reached XP level 12. HP: 58/77 MP: 18/18
  9459 | D:11     | Noticed a five-headed hydra
  9468 | D:11     | Killed a five-headed hydra
  9475 | D:11     | Noticed an ogre mage
  9484 | D:11     | Paralysed by something for 4 turns
  9498 | D:10     | Killed an ogre mage
  9756 | D:11     | You are sucked into a shaft and drop 3 floors!
  9995 | D:14     | Received a gift from Okawaru
 10159 | D:14     | Reached skill level 16 in Ranged Weapons
 10344 | D:14     | Noticed a boulder beetle
 10362 | D:14     | Killed a boulder beetle
 10489 | D:14     | Noticed a centaur warrior
 10497 | D:14     | Killed a centaur warrior
 10498 | D:14     | Reached XP level 13. HP: 23/84 MP: 21/21
 10757 | D:14     | Reached skill level 10 in Invocations
 10859 | D:13     | Noticed Frances
 10875 | D:13     | Killed Frances
 10876 | D:13     | Reached skill level 17 in Ranged Weapons
 11050 | D:12     | Noticed Jorgrun
 11376 | D:12     | Identified the +0 scale mail "Foihoyt" {rN+} (Okawaru
                  | gifted it to you on level 12 of the Dungeon)
 11376 | D:12     | Received a gift from Okawaru
 11915 | D:11     | Got Wasme Hineg's Grimoire of the Dose and Fever
 12093 | D:12     | Noticed Snorg
 12098 | D:12     | Killed Snorg
 12110 | D:12     | Reached ****** piety under Okawaru
 12691 | D:12     | Reached skill level 18 in Ranged Weapons
 12778 | D:12     | Killed Jorgrun
 12778 | D:12     | Received a gift from Okawaru
 12779 | D:12     | Reached XP level 14. HP: 91/91 MP: 23/23
 13610 | D:13     | Found a gate to the Vaults.
 13742 | Lair:1   | Entered Level 1 of the Lair of Beasts
 14475 | Lair:1   | Received a gift from Okawaru
 14521 | Lair:1   | Reached skill level 19 in Ranged Weapons
 14944 | Lair:1   | Noticed Amaemon
 14950 | Lair:1   | Killed Amaemon
 15489 | Lair:2   | Identified the +8 plate armour "Duaritt" {Will+ Str+2
                  | Dex+2} (Okawaru gifted it to you on level 2 of the Lair of
                  | Beasts)
 15489 | Lair:2   | Received a gift from Okawaru
 15500 | Lair:2   | Found a staircase to the Swamp.
 15768 | Lair:2   | Reached XP level 15. HP: 97/97 MP: 25/25
 15794 | Lair:2   | Found a staircase to the Snake Pit.
 16409 | Lair:3   | Noticed Kirke
 16414 | Lair:3   | Killed Kirke
 17017 | Lair:4   | Reached skill level 5 in Dodging
 17464 | Lair:4   | Received a gift from Okawaru
 18057 | Lair:5   | Entered Level 5 of the Lair of Beasts
 18179 | Lair:5   | Found a viscous altar of Jiyva.
 18179 | Lair:5   | Found a staircase to the Slime Pits.
 18246 | Lair:5   | Received a gift from Okawaru
 18255 | Lair:5   | Reached skill level 20 in Ranged Weapons
 18553 | Lair:5   | Identified the +4 flail "Zoasob" {heavy, rF+}
 18864 | Lair:5   | Reached skill level 1 in Armour
 19072 | Lair:5   | Identified a scroll of acquirement
 19073 | Lair:5   | Acquired 958 gold pieces
 19213 | Orc:1    | Entered Level 1 of the Orcish Mines
 19324 | Orc:2    | Entered Level 2 of the Orcish Mines
 19333 | Orc:2    | Found a staircase to the Elven Halls.
 19563 | Orc:2    | Noticed Donald
 19569 | Orc:2    | Killed Donald
 19644 | Orc:2    | Received a gift from Okawaru
 19644 | Orc:2    | Found the +1 cloak of Starlight {*Dazzle EV+4 Stlth--}
 19652 | Orc:2    | Reached XP level 16. HP: 91/104 MP: 27/27
 19676 | Orc:1    | Noticed Fannar
 19681 | Orc:1    | Killed Fannar
 19682 | Orc:1    | Reached skill level 5 in Stealth
 19808 | Orc:2    | Noticed Maurice
 19827 | Orc:2    | Paralysed by an orc sorcerer for 3 turns
 19898 | Orc:2    | Killed Maurice
 19940 | Orc:2    | Got the Parchment of the Birds and the Shift
 19986 | Orc:2    | Found Taqay's General Store.
 19986 | Orc:2    | Found Upugel's Armour Boutique.
 19987 | Orc:2    | Found Qiqolab's General Store.
 19991 | Orc:2    | Found Vesta's Assorted Antiques.
 20017 | Orc:2    | Bought a +0 hat of willpower for 143 gold pieces
 20301 | Orc:2    | Bought a phial of floods for 560 gold pieces
 20302 | Orc:2    | Bought a potion of curing for 81 gold pieces
 20464 | Snake:1  | Entered Level 1 of the Snake Pit
 20515 | Snake:1  | Learned a level 2 spell: Blink
 20519 | Snake:1  | Learned a level 3 spell: Swiftness
 20627 | Snake:1  | Reached skill level 1 in Translocations
 20861 | Snake:1  | Noticed Mlioglotl
 20870 | Snake:1  | Killed Mlioglotl
 20977 | Snake:1  | Reached skill level 5 in Armour
 21102 | Snake:1  | Reached skill level 10 in Dodging
 21184 | Snake:1  | Identified the +0 hat "Noimmoit" {rC++ Str+3 Int+3 Dex+3}
                  | (Okawaru gifted it to you on level 1 of the Snake Pit)
 21184 | Snake:1  | Received a gift from Okawaru
 21620 | Snake:1  | Reached XP level 17. HP: 67/112 MP: 28/28
 22054 | Snake:2  | Reached skill level 1 in Short Blades
 22581 | Snake:2  | Identified the scarf of Plasticity {harm, Int+4 Dex+2}
                  | (Okawaru gifted it to you on level 2 of the Snake Pit)
 22581 | Snake:2  | Received a gift from Okawaru
 22866 | Snake:2  | Found Zhao Yu's Dragon-Slaying Spoils.
 22873 | Snake:2  | Bought +0 pearl dragon scales for 1700 gold pieces
 22923 | Snake:3  | Noticed Roxanne
 23254 | Snake:3  | Killed Roxanne
 23255 | Snake:3  | Reached skill level 15 in Fighting
 23269 | Snake:3  | Reached skill level 1 in Air Magic
 24876 | Snake:4  | Entered Level 4 of the Snake Pit
 24914 | Snake:4  | Reached XP level 18. HP: 113/119 MP: 29/29
 25007 | Snake:4  | Identified the +0 hat "Trusted Companion" {rN+ Str+2}
                  | (Okawaru gifted it to you on level 4 of the Snake Pit)
 25007 | Snake:4  | Received a gift from Okawaru
 25167 | Snake:4  | Reached skill level 5 in Air Magic
 25196 | Snake:4  | Reached skill level 10 in Armour
 25578 | Snake:4  | Got a serpentine rune of Zot
 26091 | Snake:4  | HP: 3/120 [naga warrior/+0 short sword (16)]
 26093 | Arena    | Entered the Arena
 27230 | Swamp:1  | Entered Level 1 of the Swamp
 27504 | Swamp:1  | Identified the +8 hand crossbow of Resourcefulness {drain,
                  | rC+ Int+3} (Okawaru gifted it to you on level 1 of the
                  | Swamp)
 27504 | Swamp:1  | Received a gift from Okawaru
 27626 | Swamp:1  | You are sucked into a shaft and drop 1 floor!
 28022 | Swamp:2  | Identified the +2 orcbow "Arbiter" {antimagic, rF- rC++
                  | rCorr Str+3}
 28211 | Swamp:2  | Identified the +7 falchion of Toothy Indomitability {heavy,
                  | Will+ Str-4 Dex+4}
 28243 | Swamp:2  | Reached skill level 1 in Shields
 28974 | Swamp:3  | Identified the scarf of Privacy {+Inv, rC++} (Okawaru
                  | gifted it to you on level 3 of the Swamp)
 28974 | Swamp:3  | Received a gift from Okawaru
 28975 | Swamp:3  | Reached XP level 19. HP: 125/125 MP: 30/30
 29247 | Swamp:3  | Acquired an amulet of guardian spirit
 30147 | Swamp:4  | Entered Level 4 of the Swamp
 30908 | Swamp:4  | Got a decaying rune of Zot
 31771 | D:13     | Identified the +1 pair of gloves "Kaph" {*Slow rC+ rCorr
                  | Int+4} (Okawaru gifted it to you on level 13 of the
                  | Dungeon)
 31771 | D:13     | Received a gift from Okawaru
 32320 | D:15     | Entered Level 15 of the Dungeon
 32611 | D:15     | Reached skill level 5 in Shields
 33052 | D:15     | Found a staircase to the Depths.
 33119 | D:15     | Reached skill level 15 in Dodging
 33281 | Vaults:1 | Entered Level 1 of the Vaults
 33397 | Vaults:1 | Noticed Saint Roka
 33410 | Vaults:1 | Killed Saint Roka
 33435 | Vaults:1 | Found a magical portal.
 33443 | WizLab   | Entered The Chambers of the Cloud Mage
 33465 | WizLab   | Paralysed by an air elemental for 1 turns
 33494 | WizLab   | Paralysed by an apocalypse crab for 2 turns
 33570 | WizLab   | Reached XP level 20. HP: 120/133 MP: 31/31
 33672 | WizLab   | Paralysed by an air elemental for 1 turns
 33850 | WizLab   | Paralysed by an air elemental for 1 turns
 33944 | WizLab   | Noticed Xiyzxekk
 33949 | WizLab   | Paralysed by an air elemental for 1 turns
 33951 | WizLab   | Paralysed by an air elemental for 1 turns
 33954 | WizLab   | Killed from afar by Xiyzxekk the Cloud Mage

Illustrated notes

Levels and vault maps discovered:
D:1:      nzn_arrival_settlement, layout_loops_ring,
          ebering_ecumenical_altar_rust, minmay_door_square, minmay_heptomino_h4
D:2:      layout_loops_ring
D:3:      layout_basic
D:4:      layout_gridville, serial_bayou_crossing
D:5:      layout_basic, uniq_crazy_yiuf_cottage
D:6:      layout_basic, okawaru_trees_1, ashenzari_conservatory_becter
D:7:      layout_cave_pools, grunt_temple_overflow_open,
          minmay_temple_entry_junction, kennysheep_minor_cross
D:8:      layout_rooms, special_room [special_room_orc], sigmund_army
D:9:      layout_basic
D:10:     layout_irregular_city, grunt_lair_entry_orc_guard_hut, enter_bailey_2,
          nicolae_shop_fire_sale [nicolae_sub_dead_trees], onia_ninara_cookie,
          uniq_harold
D:11:     minmay_the_grid_triangle_9x9_rhombus_thin_mashed
          [minmay_the_grid_triangle_9x9_descending_squares,
          minmay_the_grid_triangle_9x9_prize_insulated,
          minmay_the_grid_triangle_9x9_intruding_spiral,
          minmay_the_grid_triangle_9x9_zippers_horizontal], layout_basic
D:12:     layout_irregular_city, serial_co_window_serial, co_window_corner_a,
          co_window_corner_a, co_window_of_opportunity_a, co_window_paths_a,
          co_window_of_opportunity_a, co_window_corner_b, co_window_corner_b,
          co_window_corner_cb, co_window_unsneaky_path_a, co_window_cross_3,
          co_window_broadway_a, co_window_paths_c, co_window_paths_e,
          glass_columns_b, lightli_minifort, uniq_jorgrun, uniq_snorg
D:13:     layout_long_grid, grunt_vaults_entry_tiered, uniq_frances
D:14:     layout_loops_corners, minmay_misc_feat_nine_boxes, nicolae_the_louvre
D:15:     grunt_enter_depths_snipers, layout_basic
Lair:1:   layout_layer_cave, uniq_amaemon
Lair:2:   layout_gridlike, minmay_swamp_entry_swarm,
          minmay_snake_entry_guardpost_small, serial_forest,
          infiniplex_forest_diagonal, infiniplex_forest_lined_3_way,
          infiniplex_forest_end_3, infiniplex_forest_clump_tiny,
          infiniplex_forest_clump_medium, infiniplex_forest_end_2,
          infiniplex_forest_diagonal, infiniplex_forest_lined_room_,
          infiniplex_forest_clump_diagonal, infiniplex_forest_zigzag_1
Lair:3:   layout_big_grid, lemuel_old_faithful, uniq_kirke
Lair:4:   nzn_motion_control, layout_layer_cave
Lair:5:   hangedman_lair_tendril_chambers, layout_loops_ring, slime_entry_1
Swamp:1:  layout_basic_swamp, hangedman_swamp_blocks,
          infiniplex_staircase_pool_2
Swamp:2:  layout_basic_swamp, nicolae_swamp_trees_clearing,
          nicolae_swamp_spooky_pond
Swamp:3:  layout_falls_marsh, serial_swamp_ruin, evilmike_swamp_ruin_rubble_2,
          hangedman_swamp_ruin_wall
Swamp:4:  swamp_alternative, layout_basic_swamp
Snake:1:  layout_misc_corridors, serial_bayou_pond_d,
          nicolae_snake_herptile_family_reunion, uniq_mlioglotl
Snake:2:  cheibrodos_snake_lava_hold, layout_basic, nicolae_shop_dragon_depot
Snake:3:  layout_basic, beargit_elvish_explorers, uniq_roxanne
Snake:4:  minmay_snake_end_coiled, layout_onion, grunt_megastairs_1
Orc:1:    layout_diamond_mine, nicolae_orc_rich_vein, uniq_fannar
Orc:2:    st_orc_mages, layout_caves, guppyfry_library_mini, uniq_maurice,
          uniq_donald
Vaults:1: infiniplex_enter_wizlab_spiral, nicolae_vaults_theta,
          nicolae_vaults_trapezoid_lopsided_2, vaults_room_grid,
          nicolae_vaults_trapezoid_lopsided_4, dpeg_vaults_monster_box,
          nicolae_vaults_turnstiles, nicolae_vaults_specimen_jars,
          nicolae_vaults_fighting_squares, grunt_vaults_funnel, v_pattern_1,
          vaults_room_stairs_pillars, hangedman_vaults_maws, layout_vaults_ring,
          uniq_saint_roka, uniq_zenata
WizLab:   wizlab_cloud

Skill      XL: |  1  2  3  4  5  6  7  8  9 10 11 12 13 14 15 16 17 18 19 20 |
---------------+-------------------------------------------------------------+-----
Ranged Weapons | 5 6 7 8 10 12 13 15 16 18 19 20 | 20.0
Fighting       | 3 4 5 6 7 8 10 11 12 13 14 15 16 17 | 17.0
Dodging        | 3 4 7 10 12 14 15 | 15.2
Invocations    | 2 4 5 7 9 11 13 14 | 14.0
Stealth        | 4 5 |  5.0
Armour         | 2 6 9 12 14 | 14.9
Translocations | 3 4 |  4.0
Short Blades   | 3 |  3.9
Air Magic      | 3 6 |  6.0
Shields        | 2 5 |  5.9

Action                     |  1- 3 |  4- 6 |  7- 9 | 10-12 | 13-15 | 16-18 | 19-21 || total
---------------------------+-------+-------+-------+-------+-------+-------+-------++-------
  Melee: Long sword        |       |       |     9 |       |       |       |       ||     9
         Kick              |       |       |     1 |       |       |     3 |     4 ||     8
         Peck              |       |       |     1 |       |       |     1 |     3 ||     5
         Longbow           |       |       |       |       |       |     1 |       ||     1
         Dagger            |       |       |       |       |       |     8 |    11 ||    19
   Fire: Shortbow          |   122 |   156 |    75 |       |       |       |       ||   353
         Orcbow            |       |       |   409 |   628 |   190 |       |       ||  1227
         Longbow           |       |       |       |       |   824 |  1243 |   581 ||  2648
  Throw: Throwing net      |       |       |       |     5 |     3 |       |       ||     8
         Dart              |       |       |       |     1 |     4 |     6 |       ||    11
   Cast: Blink             |       |       |       |       |       |     2 |     1 ||     3
 Invoke: Heroism           |       |       |       |     4 |     2 |     3 |     1 ||    10
         Finesse           |       |       |       |     2 |       |     2 |     1 ||     5
         Duel              |       |       |       |       |       |     1 |       ||     1
  Evoke: Wand              |       |       |     2 |    11 |     6 |     2 |       ||    21
         Lightning rod     |       |       |       |       |     2 |       |       ||     2
         Phial of floods   |       |       |       |       |       |     1 |     1 ||     2
    Use: Scroll            |       |     1 |     8 |     8 |     8 |    13 |     5 ||    43
         Potion            |       |       |     5 |     1 |     3 |     5 |       ||    14
   Stab: Invisible         |       |       |       |       |       |     4 |     4 ||     8
         Paralysed         |       |       |       |       |       |       |     1 ||     1
 Armour: Leather armour    |    23 |    21 |    57 |    66 |   184 |    95 |       ||   446
         Pearl dragon scal |       |       |       |       |       |   143 |   219 ||   362
  Dodge: Dodged            |    14 |    67 |   186 |   183 |   351 |  1406 |   833 ||  3040

Table legend: (Time is in decaauts)
 A = Elapsed time spent in this place.
 B = Non-inter-level travel time spent in this place.
 C = Inter-level travel time spent in this place.
 D = Time resting spent in this place.
 E = Time spent auto-exploring this place.
 F = Levels seen in this place.
 G = Mean time per level.
                   A        B        C        D        E       F      G
               +--------+--------+--------+--------+--------+-----+--------+
         Total |  32412 |  30423 |   1989 |   3899 |  17874 |  34 |  953.3 |
       Dungeon |  14763 |  13884 |    879 |   1391 |   8316 |  15 |  984.2 |
          Lair |   4859 |   4300 |    559 |     79 |   3281 |   5 |  971.8 |
         Swamp |   4372 |   4223 |    149 |    810 |   2617 |   4 | 1093.0 |
     Snake Pit |   6170 |   5971 |    199 |   1396 |   2979 |   4 | 1542.5 |
  Orcish Mines |   1212 |   1012 |    200 |     24 |    608 |   2 |  606.0 |
        Vaults |    154 |    154 |      0 |      5 |      6 |   1 |  154.0 |
        Bailey |    252 |    252 |      0 |      4 |     39 |   1 |  252.0 |
        Wizlab |    476 |    476 |      0 |    176 |     24 |   1 |  476.0 |
         Arena |    151 |    151 |      0 |     12 |      0 |   1 |  151.0 |
               +--------+--------+--------+--------+--------+-----+--------+

Top non-repeatable levels by time:
 Snake:4: 2102 daAuts
 Snake:3: 1536 daAuts
 Swamp:4: 1348 daAuts
 Snake:2: 1317 daAuts
 Swamp:3: 1313 daAuts
     D:3: 1302 daAuts
    D:13: 1254 daAuts
    D:12: 1242 daAuts
    D:14: 1224 daAuts
 Snake:1: 1214 daAuts
    D:10: 1197 daAuts
  Lair:1: 1189 daAuts
     D:6: 1180 daAuts
  Lair:4: 1141 daAuts
     D:4: 1002 daAuts
